 Dungeon Crawl Stone Soup version 0.29.1-1-gd02db6906a (webtiles) character file.

Game seed: 1128569389186512291

33 NinjaNoafa the Ducker (level 3, -11/29 HPs)
             Began as a Merfolk Monk on Oct 17, 2022.
             Killed by divine providence
             ... invoked by an orc priest
              (12 damage)
             ... on level 2 of the Dungeon.
             The game lasted 00:04:38 (1266 turns).

NinjaNoafa the Ducker (Merfolk Monk)                Turns: 1266, Time: 00:04:41

Health: -11/29     AC:  2    Str: 17    XL:     3   Next: 29%
Magic:  3/3        EV: 14    Int:  9    God:
Gold:   77         SH:  0    Dex: 18    Spells: 2/2 levels left

rFire   . . .      SeeInvis .   a - +0 falchion
rCold   . . .      Faith    .   (no shield)
rNeg    . . .      Spirit   .   b - +0 robe
rPois   .          Reflect  .   (no helmet)
rElec   .          Harm     .   (no cloak)
rCorr   .          Rampage  .   (no gloves)
Will    .....                   (no boots)
Stlth   ++........              (no amulet)
HPRegen 0.09/turn               f - +6 ring of strength
MPRegen 0.08/turn               (no ring)

@: lethally poisoned (-11 -> -13), studying Fighting
A: (nimble swimmer 2), mertail
a: no special abilities


You were on level 2 of the Dungeon.
You visited 1 branch of the dungeon, and saw 2 of its levels.

You collected 77 gold pieces.

Inventory:

Hand Weapons
 a - a +0 falchion (weapon)
Missiles
 e - 16 stones (quivered)
Armour
 b - a +0 robe (worn)
Jewellery
 f - a +6 ring of strength (left hand)
Scrolls
 d - a scroll of magic mapping {unknown}
 g - a scroll of enchant armour {unknown}
 h - a scroll of silence {unknown}
 j - a scroll of identify {unknown}
Potions
 c - a potion of ambrosia
 i - a potion of haste {unknown}


   Skills:
 - Level 3.2 Fighting
 + Level 4.2 Long Blades
 + Level 4.6 Dodging
 + Level 3.0 Stealth


You had 2 spell levels left.
You didn't know any spells.
Your spell library contained the following spells:

 Spells                   Type           Power      Damage    Failure   Level
 Call Canine Familiar     Summ           0%         N/A       77%         3
 Portal Projectile        Hex/Tloc       0%         N/A       77%         3
 Leda's Liquefaction      Hex/Erth       0%         N/A       99%         4


Dungeon Overview and Level Annotations

Branches:
Dungeon (2/15)

Altars:


Innate Abilities, Weirdness & Mutations

((You are very nimble when in or above water. (Stealth+, EV+, Speed+++)))
Your lower body shifts to a powerful aquatic tail in water.


Message History

You hit the kobold.
The kobold is severely wounded.
The kobold hits you with a +0 whip of venom.
You are poisoned.
You miss the kobold. Your punch misses the kobold.
The kobold is severely wounded.
You feel very sick. The kobold barely misses you.
An orc comes into view. It is wielding a +0 club.
You hit the kobold.
You kill the kobold!
You feel sick.
A kobold comes into view. It is wielding a +0 short sword.
You feel sick.
You see here a +0 whip of venom.
You feel sick.
The orc priest looks braver for a moment.
The orc closely misses you.
You slash the orc priest!
The orc priest is severely wounded.
You feel sick. The ball python misses you. x2
The orc priest hits you with a +0 club. The orc closely misses you.
The ball python misses you. The ball python closely misses you.
You completely miss the orc priest.
The orc priest is severely wounded.
You feel sick. The orc priest hits you with a +0 club.
* * * LOW HITPOINT WARNING * * *
The orc hits you with a +0 short sword.
* * * LOW HITPOINT WARNING * * *
The ball python bites you.
* * * LOW HITPOINT WARNING * * *
The ball python closely misses you.
You hit the orc priest.
The orc priest is almost dead.
* * * LOW HITPOINT WARNING * * *
You feel sick. The ball python closely misses you.
The ball python barely misses you.
The orc priest invokes the aid of Beogh against you.
Beogh smites you!
You die...

#### ############ #...
#..........#
#?..####..........###
#...................#
#...................++
#..Ko@)......#........
.....ooS.............#..
#.....#..........<...#
.....................#
.#........:.............
#..................>...
#.###..?...##..........
#+ .......++..........
#...#......


You could see an orc priest, 2 orcs, a ball python and a kobold.

Vanquished Creatures
  A gnoll (D:1)
  2 dart slugs (D:1)
  2 endoplasms
  A giant cockroach (D:1)
  A goblin (D:1)
  A hobgoblin (D:1)
  2 jackals (D:1)
  A kobold (D:2)
  A quokka (D:1)
  A ball python (D:1)
  2 bats (D:1)
  2 frilled lizards (D:1)
  4 rats (D:1)
21 creatures vanquished.

Notes
Turn   | Place    | Note
-------+----------+-------------------------------------------
     0 | D:1      | NinjaNoafa the Merfolk Monk began the quest for the Orb.
     0 | D:1      | Reached XP level 1. HP: 18/18 MP: 1/1
   175 | D:1      | Reached XP level 2. HP: 24/24 MP: 2/2
   569 | D:1      | Reached XP level 3. HP: 29/29 MP: 3/3
   599 | D:1      | Found a faded altar of an unknown god.
  1266 | D:2      | HP: 1/29 [poisoned by a kobold]
  1266 | D:2      | Killed from afar by an orc priest

Illustrated notes

Levels and vault maps discovered:
D:1:      saegor_arrival_simple_b, layout_loops_ring,
          hellmonk_ecumenical_altar_slurped_away
D:2:      layout_basic, uniq_natasha

Skill      XL: |  1  2  3 |
---------------+----------+-----
Long Blades    | 4 |  4.2
Stealth        | 3 |  3.0
Fighting       | |  3.2
Dodging        | |  4.6

Action                   || total
-------------------------++-------
Melee: Falchion          ||    81
       Punch             ||     3
 Stab: Sleeping          ||     5
Armor: Robe              ||    16
Dodge: Dodged            ||    87
